[Event "Titled Tuesday Blitz August 22 Late 2023"]
[White "Jin, Ashton"]
[Black "Palacio,Igor Da Paz"]
[WhiteFideId "30931908"]
[BlackFideId "2121140"]
[WhiteElo "2535"]
[BlackElo "2227"]
[Result "1-0"]
[Round "4"]
[TimeControl "180+1"]
[Date "2023.08.22"]
[WhiteClock "0:00:13"]
[BlackClock "0:00:00"]
[Board "190"]

1. e4 d6 2. d4 Nf6 3. Nc3 g6 4. Bg5 Bg7 5. Qd2 c6 6. O-O-O h6 7. Bh4 Qa5 8. f3 b5 9. Kb1 b4 10. Nce2 Be6 11. a3 Na6 12. Nc1 Rb8 13. Nh3 Qa4 14. Bxa6 Qxa6 15. axb4 O-O 16. Nf4 Bd7 17. Nfd3 Be6 18. c3 Bc4 19. e5 Nd5 20. b3 Bxd3+ 21. Qxd3 Qa3 22. exd6 exd6 23. Rd2 Nxb4 24. cxb4 Qxb4 25. Rhd1 Rfe8 26. Re2 Rec8 27. Rdd2 a5 28. Ra2 a4 29. Kc2 axb3+ 30. Nxb3 c5 31. dxc5 Rxc5+ 32. Nxc5 Qb1+ 33. Kd2 Qxa2+ 34. Ke3 Qa7 35. Rc2 dxc5 36. Qe4 c4+ 37. Ke2 Qa6 38. Qxc4 Re8+ 39. Kf2 Qe6 40. Qxe6 Rxe6 41. g4 Bf6 42. Bg3 Be5 43. Rc8+ Kg7 44. Bh4 Bf6 45. Bg3 Be5 46. f4 Bf6 47. h4 Be7 48. Kf3 Ra6 49. Rc3 Ra4 50. Re3 Bf6 51. g5 hxg5 52. hxg5 Bd8 53. Rd3 Bc7 54. Rc3 Bb6 55. Kg4 Rb4 56. Rd3 Ba5 57. Be1 Rb5 58. Bf2 Bb6 59. Be1 Bc7 60. Bc3+ Kf8 61. Rd7 1-0


[Site "https://www.chess.com"]

[Event "Titled Tuesday Blitz August 22 Late 2023"]
[White "Sailer, Mike"]
[Black "KrokerGuy"]
[WhiteFideId "2012901"]
[WhiteElo "2215"]
[BlackElo "2451"]
[Result "0-1"]
[Round "4"]
[TimeControl "180+1"]
[Date "2023.08.22"]
[WhiteClock "0:00:26"]
[BlackClock "0:01:26"]
[Board "191"]

1. e4 e5 2. d4 exd4 3. Qxd4 Nc6 4. Qe3 Nf6 5. Nc3 Bb4 6. Bd2 O-O 7. O-O-O Re8 8. Qg3 Rxe4 9. Bd3 Re8 10. Nge2 d5 11. Bg5 Be6 12. Qh4 h6 13. Bxh6 gxh6 14. Qxh6 Bf8 15. Qg5+ Bg7 16. Nf4 Ne4 17. Nxe4 dxe4 18. Qg3 exd3 19. Nh5 Qd4 20. Rxd3 Qxb2+ 21. Kd1 Rad8 22. Nxg7 Rxd3+ 23. cxd3 Qxg7 24. Qxg7+ Kxg7 25. Kd2 Bxa2 0-1


[Site "https://www.chess.com"]

[Event "Titled Tuesday Blitz August 22 Late 2023"]
[White "Matute Escobar, Roxanny"]
[Black "Zeck_CH"]
[WhiteFideId "3926028"]
[WhiteElo "2205"]
[BlackElo "2393"]
[Result "0-1"]
[Round "4"]
[TimeControl "180+1"]
[Date "2023.08.22"]
[WhiteClock "0:00:21"]
[BlackClock "0:00:37"]
[Board "192"]

1. e4 c5 2. Nf3 e6 3. d4 cxd4 4. Nxd4 Nc6 5. Nc3 Qc7 6. Be2 a6 7. O-O Nf6 8. Be3 b5 9. f4 Bb7 10. Bf3 Nxd4 11. Bxd4 Bc5 12. Kh1 d6 13. Bxc5 Qxc5 14. e5 Nd5 15. Ne4 Qb6 16. Nxd6+ Ke7 17. Nxb7 Qxb7 18. f5 Rad8 19. Qe1 exf5 20. Qh4+ Ke8 21. Rae1 Qe7 22. Qg3 g6 23. b3 Nc7 24. Rd1 Ne6 25. Bc6+ Kf8 26. Rd6 Kg7 27. Rfd1 h5 28. h3 h4 29. Qf2 Rhf8 30. c3 Qg5 31. Qb6 Rb8 32. Qf2 b4 33. c4 a5 34. Bd7 Nf4 35. e6 Nh5 36. exf7 Ng3+ 37. Kg1 Rxf7 38. Bc6 Re7 39. Qb2+ Kh7 40. Rd7 Qe3+ 41. Kh2 Kh6 42. Rxe7 Qxe7 43. Rd7 Qe1 44. Qg7+ Kg5 45. Qe7+ Qxe7 46. Rxe7 Kf6 47. Ra7 Rd8 48. Bd5 Re8 49. Ra6+ Kg5 50. Kg1 Kf4 51. Kf2 Re2+ 52. Kg1 Re1+ 53. Kf2 Rf1# 0-1


[Site "https://www.chess.com"]

[Event "Titled Tuesday Blitz August 22 Late 2023"]
[White "Harriott, Tyrell"]
[Black "Kiseljova, Marya"]
[WhiteFideId "2086484"]
[BlackFideId "4155009"]
[WhiteElo "2393"]
[BlackElo "2201"]
[Result "1-0"]
[Round "4"]
[TimeControl "180+1"]
[Date "2023.08.22"]
[WhiteClock "0:01:04"]
[BlackClock "0:00:06"]
[Board "193"]

1. d4 d5 2. e3 Nf6 3. Bd3 c5 4. c3 Nc6 5. f4 Bg4 6. Ne2 e6 7. Nd2 Be7 8. O-O h5 9. Nf3 Qc7 10. Ne5 Nxe5 11. fxe5 Nh7 12. Qe1 Bxe2 13. Qxe2 g6 14. e4 dxe4 15. Qxe4 Ng5 16. Bb5+ Kd8 17. Bxg5 Bxg5 18. Rad1 a6 19. dxc5+ Kc8 20. Bd7+ Kb8 21. b4 Rf8 22. Ba4 Rd8 23. Rxd8+ Bxd8 24. Rd1 b5 25. cxb6 Qxb6+ 26. Kh1 Ra7 27. c4 Bc7 28. c5 Qb7 29. Bc6 Qc8 30. Bd7 Qb7 31. Bc6 Qc8 32. a4 Bd8 33. b5 axb5 34. axb5 Ra2 35. h3 Bh4 36. Qxh4 1-0


[Site "https://www.chess.com"]

[Event "Titled Tuesday Blitz August 22 Late 2023"]
[White "Haitin, Ilja"]
[Black "Vanek, Tomas"]
[WhiteFideId "4501764"]
[BlackFideId "313459"]
[WhiteElo "2382"]
[BlackElo "2198"]
[Result "0-1"]
[Round "4"]
[TimeControl "180+1"]
[Date "2023.08.22"]
[WhiteClock "0:00:00"]
[BlackClock "0:00:40"]
[Board "194"]

1. e4 c5 2. Nf3 Nc6 3. d4 cxd4 4. Nxd4 Nf6 5. Nc3 e5 6. Ndb5 d6 7. Bg5 a6 8. Na3 b5 9. Bxf6 gxf6 10. Nd5 Bg7 11. c3 f5 12. exf5 Bxf5 13. Nc2 O-O 14. Nce3 Bg6 15. h4 h6 16. h5 Bh7 17. g4 b4 18. Bd3 e4 19. Bc2 bxc3 20. bxc3 Ne5 21. Kf1 Rc8 22. Rb1 Nd3 23. Bxd3 exd3 24. Nf5 Bxf5 25. gxf5 Bxc3 26. Qxd3 Be5 27. Rg1+ Kh8 28. Qe3 Kh7 29. Rb7 Qh4 30. f6 Qc4+ 31. Qe2 Qxd5 32. Rb1 Qc4 33. Rg7+ Kh8 34. Qxc4 Rxc4 35. Rg2 Rh4 36. Ke2 Rxh5 37. Rb6 Rf5 38. Rxa6 Rxf6 39. Rg4 Kh7 40. a4 Re8 0-1


[Site "https://www.chess.com"]

[Event "Titled Tuesday Blitz August 22 Late 2023"]
[White "Fernandez, Maria Florencia"]
[Black "campochess"]
[WhiteFideId "116459"]
[WhiteElo "2351"]
[BlackElo "2187"]
[Result "0-1"]
[Round "4"]
[TimeControl "180+1"]
[Date "2023.08.22"]
[WhiteClock "0:00:05"]
[BlackClock "0:00:38"]
[Board "195"]

1. d4 Nf6 2. c4 c5 3. d5 b5 4. cxb5 a6 5. bxa6 g6 6. a7 Rxa7 7. Nc3 Bg7 8. e4 d6 9. Nf3 Nbd7 10. Be2 O-O 11. O-O Ba6 12. a4 Bxe2 13. Qxe2 Ng4 14. Nb5 Ra8 15. Ra3 h5 16. b3 Qb8 17. Bb2 Nge5 18. Nxe5 Bxe5 19. Bxe5 Nxe5 20. f4 Ng4 21. h3 Nf6 22. f5 g5 23. Rf3 Kh7 24. Rg3 Rg8 25. Qe3 Qb6 26. Kh1 Nd7 27. Rxg5 Rxg5 28. Qxg5 Nf6 29. Ra1 Rg8 30. Qf4 Qa5 31. Qe3 Qb4 32. Re1 c4 33. bxc4 Qxa4 34. Rc1 Qa2 35. Qf3 Qd2 36. Rf1 h4 37. Na7 Rg3 38. Qf4 Qxg2# 0-1


[Site "https://www.chess.com"]

[Event "Titled Tuesday Blitz August 22 Late 2023"]
[White "Guzman Moneo, Alberto"]
[Black "Quirke, Jeffrey"]
[WhiteFideId "2209616"]
[BlackFideId "2013029"]
[WhiteElo "2336"]
[BlackElo "2165"]
[Result "1-0"]
[Round "4"]
[TimeControl "180+1"]
[Date "2023.08.22"]
[WhiteClock "0:01:26"]
[BlackClock "0:00:44"]
[Board "196"]

1. e4 Nf6 2. e5 Nd5 3. c4 Nb6 4. d4 d6 5. exd6 exd6 6. Nc3 Be7 7. Bd3 O-O 8. Be3 Bf6 9. Nf3 Nc6 10. d5 Ne5 11. Nxe5 Bxe5 12. O-O Nxc4 13. Bxc4 Qh4 14. f4 Bxc3 15. bxc3 Re8 16. Bd4 Bg4 17. Qd2 Re7 18. Rae1 Rae8 19. Rxe7 Rxe7 20. g3 Qh5 21. Re1 Rxe1+ 22. Qxe1 Kf8 23. Qe3 Bf3 24. Bb5 c6 25. Bf1 Bxd5 26. c4 Bf3 27. Bxa7 c5 28. Bb8 1-0


[Site "https://www.chess.com"]

[Event "Titled Tuesday Blitz August 22 Late 2023"]
[White "kiwibobo"]
[Black "Erece, Ece Alkim"]
[BlackFideId "6346006"]
[WhiteElo "2318"]
[BlackElo "2157"]
[Result "0-1"]
[Round "4"]
[TimeControl "180+1"]
[Date "2023.08.22"]
[WhiteClock "0:00:21"]
[BlackClock "0:00:23"]
[Board "197"]

1. e4 c5 2. Nf3 a6 3. c4 e6 4. d4 cxd4 5. Nxd4 Qc7 6. Nc3 Nf6 7. Be2 b6 8. O-O Bb7 9. f3 Bd6 10. f4 Nxe4 11. Nxe4 Bxe4 12. Bf3 Bxf3 13. Qxf3 Nc6 14. Be3 Bc5 15. Kh1 O-O 16. Rad1 Rac8 17. Nxc6 Qxc6 18. Qxc6 Rxc6 19. Bxc5 Rxc5 20. Rxd7 Rxc4 21. Rd6 Rb8 22. Rfd1 g6 23. h3 Rxf4 24. Rc1 Rf2 25. b3 Rxa2 26. Rc7 a5 27. Rdd7 Rf2 28. Kg1 Rf5 29. Kh2 b5 30. g4 Rf6 31. Ra7 a4 32. bxa4 bxa4 33. Rxa4 Rb2+ 34. Kg3 Rbf2 35. Raa7 R6f3+ 36. Kh4 h6 37. g5 Rf4+ 38. Kg3 hxg5 39. Ra8+ Kg7 40. Ra3 e5 41. Re3 e4 42. Ra3 R4f3+ 43. Rxf3 Rxf3+ 44. Kg2 Kf6 45. Rd6+ Ke5 46. Rd8 f5 47. Rg8 Kf4 48. Rxg6 e3 49. Re6 Rf2+ 50. Kg1 Kf3 51. Re5 f4 52. Rxg5 e2 53. Re5 Rf1+ 54. Kh2 e1=Q 55. Rg5 Rh1# 0-1


[Site "https://www.chess.com"]

[Event "Titled Tuesday Blitz August 22 Late 2023"]
[White "Petersson, Kjell"]
[Black "Brahami, Lamine"]
[WhiteFideId "1705148"]
[BlackFideId "7905637"]
[WhiteElo "2155"]
[BlackElo "2307"]
[Result "1-0"]
[Round "4"]
[TimeControl "180+1"]
[Date "2023.08.22"]
[WhiteClock "0:01:26"]
[BlackClock "0:01:42"]
[Board "198"]

1. d4 Nf6 2. Bf4 d5 3. e3 c5 4. c3 Nc6 5. Nd2 g6 6. h4 cxd4 7. exd4 h5 8. Ngf3 Bg7 9. Bd3 O-O 10. O-O Bg4 11. Qc2 e6 12. Ne5 Bf5 13. Ndf3 Rc8 14. Bxf5 exf5 15. Qb3 Na5 16. Qa4 Ng4 17. Rfe1 Nc4 18. Nxc4 Rxc4 19. Qxa7 b5 20. Qa6 b4 21. Rac1 bxc3 22. bxc3 Bf6 23. Ng5 Qd7 24. f3 Nh6 25. Qxf6 1-0


[Site "https://www.chess.com"]

[Event "Titled Tuesday Blitz August 22 Late 2023"]
[White "Cruz, William Ferreira Da"]
[Black "laskakid"]
[WhiteFideId "2118050"]
[WhiteElo "2303"]
[BlackElo "2126"]
[Result "1/2-1/2"]
[Round "4"]
[TimeControl "180+1"]
[Date "2023.08.22"]
[WhiteClock "0:00:21"]
[BlackClock "0:00:22"]
[Board "199"]

1. d4 d5 2. c4 c6 3. Nc3 Nf6 4. Nf3 dxc4 5. e4 b5 6. e5 Nd5 7. Ng5 e6 8. a4 a6 9. Be2 Bb7 10. Bh5 g6 11. Bf3 Be7 12. Nge4 Nd7 13. O-O O-O 14. Bh6 Re8 15. g3 b4 16. Ne2 c5 17. Rc1 cxd4 18. Nxd4 Nxe5 19. Bg2 Rc8 20. h4 Nd3 21. Rc2 Qb6 22. Ne2 b3 23. Rd2 Bb4 24. N2c3 Nxc3 25. Nf6+ Kh8 26. bxc3 Bxc3 27. Nxe8 Rxe8 28. Rxd3 cxd3 29. Qxd3 Bf6 30. Be3 Qb4 31. Bd2 Qe7 32. Qxb3 Bxg2 33. Kxg2 Rd8 34. Bc3 e5 35. Rd1 Rxd1 36. Qxd1 e4 37. Bxf6+ Qxf6 38. Qe2 Qf5 39. Qxa6 Qf3+ 40. Kg1 e3 41. Qc8+ Kg7 42. Qc3+ f6 43. Qxe3 Qd1+ 44. Kh2 Qxa4 45. Qe7+ Kg8 46. Qxf6 Qe4 47. Qf4 Qd5 48. g4 Qe6 49. h5 gxh5 50. gxh5 h6 51. Kg3 Kg7 52. Qg4+ Qxg4+ 53. Kxg4 Kf6 54. Kf4 Ke6 55. Ke4 Kf6 56. f4 Ke6 57. f5+ Kf6 58. Kf4 Kf7 59. Ke5 Ke7 60. f6+ Kf8 61. Ke6 Ke8 62. Ke5 Kf8 63. Kf5 Kf7 64. Ke5 Kf8 1/2-1/2


[Site "https://www.chess.com"]

[Event "Titled Tuesday Blitz August 22 Late 2023"]
[White "Alfaro, William"]
[Black "Gutierrez Espinosa, Karen"]
[WhiteFideId "6100457"]
[BlackFideId "3513238"]
[WhiteElo "2294"]
[BlackElo "2095"]
[Result "0-1"]
[Round "4"]
[TimeControl "180+1"]
[Date "2023.08.22"]
[WhiteClock "0:00:02"]
[BlackClock "0:00:08"]
[Board "200"]

1. e4 c6 2. d4 d5 3. exd5 cxd5 4. c4 dxc4 5. Nc3 Nf6 6. Bxc4 e6 7. Nf3 Be7 8. O-O O-O 9. Ne5 Nc6 10. Nxc6 bxc6 11. Re1 Bb7 12. Bf4 Bd6 13. Be5 Nd5 14. Ne4 Bxe5 15. dxe5 Qb6 16. Qb3 Qxb3 17. Bxb3 Ba6 18. Rac1 Nb4 19. Nc5 Nd3 20. Nxa6 Nxe1 21. Rxe1 Rfd8 22. Nb4 c5 23. Nc6 Rd2 24. Rd1 Rxd1+ 25. Bxd1 Kf8 26. Kf1 Rc8 27. Ba4 Rc7 28. b3 f6 29. f4 fxe5 30. Nxe5 Ke7 31. Ke2 Kf6 32. g4 h6 33. Kd3 g5 34. Nd7+ Ke7 35. fxg5 hxg5 36. Kc4 Kd6 37. Nf6 Rf7 38. Ne4+ Ke5 39. Nxc5 Rf4+ 40. Kb5 Rxg4 41. Nd3+ Kd4 42. Nf2 Rg2 43. Nh3 e5 44. Ka6 e4 45. Kxa7 e3 46. Bb5 g4 47. Nf4 Rxh2 48. Ne2+ Kc5 49. Bd3 g3 50. Nf4 Rd2 51. Bf1 Rxa2+ 52. Kb7 g2 53. Bxg2 e2 54. Nxe2 Rxe2 55. Bf3 Rb2 56. Bg4 Rxb3+ 57. Kc7 Rb4 58. Bf5 Rh4 59. Bg6 Rh6 60. Bd3 Rf6 61. Kd7 Rf7+ 62. Ke6 Ra7 63. Bf5 Ra3 64. Kf6 Re3 65. Bg6 Kd6 66. Kg7 Re5 67. Bh7 Ke7 68. Kh8 Re3 69. Kg7 Rg3+ 70. Bg6 Ke6 71. Kh6 Kf6 72. Bh7 Rh3# 0-1


[Site "https://www.chess.com"]

[Event "Titled Tuesday Blitz August 22 Late 2023"]
[White "Vaglio Munoz, Jaime"]
[Black "Joubert, Dantelle"]
[WhiteFideId "6500145"]
[BlackFideId "14310813"]
[WhiteElo "2290"]
[BlackElo "2062"]
[Result "1-0"]
[Round "4"]
[TimeControl "180+1"]
[Date "2023.08.22"]
[WhiteClock "0:00:49"]
[BlackClock "0:00:00"]
[Board "201"]

1. e4 c5 2. a3 d6 3. b4 b6 4. Bb2 Nf6 5. d3 g6 6. c4 Bg7 7. h3 O-O 8. Nf3 Bb7 9. Be2 a5 10. b5 e6 11. O-O d5 12. exd5 exd5 13. Nbd2 d4 14. Re1 Re8 15. Nf1 Nbd7 16. Bc1 Qc7 17. Ng3 h6 18. Bd2 Re7 19. Qc1 Kh7 20. Bf4 Qd8 21. Nh2 Nf8 22. Bf3 Bxf3 23. Nxf3 Ne6 24. Be5 Nd7 25. Bd6 Re8 26. Ne4 Nf6 27. Bh2 Nxe4 28. Rxe4 Nf8 29. Qe1 Qd7 30. Ne5 Qf5 31. g4 Qf6 32. f4 Ne6 33. Qg3 g5 34. f5 Nf4 35. Rae1 Re7 36. Qf3 Rae8 37. Bxf4 gxf4 38. Qxf4 Rxe5 39. Rxe5 Rxe5 40. Rxe5 Qxe5 41. Qxe5 Bxe5 42. Kg2 Kg7 43. Kf3 Kf6 44. Ke4 Bg3 45. Kd5 Ke7 46. Kc6 Kf6 47. Kxb6 Kg5 48. Kxc5 Kh4 49. b6 Kxh3 50. b7 Kxg4 51. Kd5 h5 52. c5 h4 53. Kc6 h3 54. Kd7 h2 55. c6 h1=Q 56. c7 Qxb7 57. Ke8 1-0


[Site "https://www.chess.com"]

[Event "Titled Tuesday Blitz August 22 Late 2023"]
[White "Hoffmann, Asa"]
[Black "Bongo Akanga Ndjila, Barthelemy"]
[WhiteFideId "2001470"]
[BlackFideId "10609431"]
[WhiteElo "2288"]
[BlackElo "2041"]
[Result "1-0"]
[Round "4"]
[TimeControl "180+1"]
[Date "2023.08.22"]
[WhiteClock "0:02:11"]
[BlackClock "0:01:20"]
[Board "202"]

1. d4 d5 2. Bg5 f6 3. Bf4 g5 4. Bg3 Nh6 5. e3 Nf7 6. h4 g4 7. Bd3 f5 8. Ne2 Bg7 9. c4 c6 10. Nbc3 e5 11. cxd5 cxd5 12. dxe5 Bxe5 13. Nf4 d4 14. exd4 Bxd4 15. Qe2+ Qe7 16. Ncd5 Qxe2+ 17. Nxe2 Bb6 18. Nxb6 axb6 19. Nd4 O-O 20. O-O Rd8 21. Bxf5 Rxd4 22. Bxc8 Nc6 23. Bxb7 1-0


[Site "https://www.chess.com"]

[Event "Titled Tuesday Blitz August 22 Late 2023"]
[White "Mikhaylova, Irina"]
[Black "dorpato"]
[WhiteFideId "4109040"]
[WhiteElo "2283"]
[BlackElo "2031"]
[Result "1-0"]
[Round "4"]
[TimeControl "180+1"]
[Date "2023.08.22"]
[WhiteClock "0:02:47"]
[BlackClock "0:02:10"]
[Board "203"]

1. d4 Nf6 2. Nf3 g6 3. c4 Bg7 4. Nc3 d5 5. cxd5 Nxd5 6. Na4 c6 7. e4 Nf4 8. Bxf4 Qa5+ 9. Nc3 c5 10. dxc5 Bxc3+ 11. bxc3 Qxc3+ 12. Bd2 Qxc5 13. Rc1 1-0


[Site "https://www.chess.com"]

[Event "Titled Tuesday Blitz August 22 Late 2023"]
[White "OptimusPrimeBR"]
[Black "Cooper, Aaron"]
[BlackFideId "2634945"]
[WhiteElo "2022"]
[BlackElo "2273"]
[Result "1-0"]
[Round "4"]
[TimeControl "180+1"]
[Date "2023.08.22"]
[WhiteClock "0:00:13"]
[BlackClock "0:00:03"]
[Board "204"]

1. e4 d5 2. exd5 Qxd5 3. Nc3 Qd6 4. Nf3 Nf6 5. d4 c6 6. Bc4 Bg4 7. O-O Nbd7 8. Re1 e6 9. Ne4 Nxe4 10. Rxe4 Nf6 11. Re1 Bxf3 12. Qxf3 Qxd4 13. Bb3 Bd6 14. Be3 Qe5 15. g3 O-O 16. Bxa7 Qxb2 17. Bb6 Nd5 18. Rab1 Qa3 19. Bd4 c5 20. Bb2 Qb4 21. c4 Ne7 22. Rbd1 Rad8 23. Qg4 Ng6 24. h4 Be5 25. Bxe5 Nxe5 26. Rxe5 Rxd1+ 27. Qxd1 Qc3 28. Rxc5 Qf6 29. Rg5 Rd8 30. Qe1 h6 31. Rg4 Qf3 32. Re4 Rd3 33. Re3 Rxe3 34. Qxe3 Qf5 35. Kg2 b5 36. cxb5 Qxb5 37. Qc3 g6 38. Qc4 Qb7+ 39. f3 Qd7 40. Qc2 e5 41. Qe2 Qd4 42. Bc2 Kg7 43. Be4 f5 44. Bc2 h5 45. Bb3 f4 46. g4 hxg4 47. fxg4 e4 48. Kh3 f3 49. Qh2 Qe3 50. Qg3 Qe2 51. g5 f2 52. Bc4 Qf3 53. Qxf3 exf3 54. Bf1 Kf8 55. Kg3 Ke7 56. Kxf3 Kd6 57. Kxf2 1-0


[Site "https://www.chess.com"]

[Event "Titled Tuesday Blitz August 22 Late 2023"]
[White "Navyblue1"]
[Black "Saucey, Michel"]
[BlackFideId "601845"]
[WhiteElo "2019"]
[BlackElo "2266"]
[Result "1/2-1/2"]
[Round "4"]
[TimeControl "180+1"]
[Date "2023.08.22"]
[WhiteClock "0:00:21"]
[BlackClock "0:00:12"]
[Board "205"]

1. d4 d5 2. c4 e6 3. Nc3 Nf6 4. cxd5 exd5 5. Bg5 c6 6. e3 Be7 7. Bd3 O-O 8. Nge2 h6 9. Bh4 Re8 10. O-O Ne4 11. Bxe7 Qxe7 12. Qc2 f5 13. Rae1 a5 14. f3 Nd6 15. Nc1 Na6 16. a3 Nc7 17. Nb3 Qg5 18. Qf2 b6 19. Nd2 Ba6 20. Bxa6 Nxa6 21. e4 fxe4 22. fxe4 Rf8 23. Qe3 Qxe3+ 24. Rxe3 Rxf1+ 25. Kxf1 dxe4 26. Ndxe4 Nc4 27. Re2 Nc7 28. Ke1 Rd8 29. Ng3 Kf8 30. Nf5 g6 31. Nxh6 Rxd4 32. h3 Nd5 33. Nxd5 Rxd5 34. Ng4 Kf7 35. Ne3 Nxe3 36. Rxe3 c5 37. Rb3 Rd6 38. Ke2 a4 39. Rf3+ Ke6 40. Re3+ Kd7 41. Rd3 b5 42. Rxd6+ Kxd6 43. h4 Kd5 44. Kd2 Ke4 45. g4 Kf4 46. h5 gxh5 47. gxh5 Kg5 48. Ke3 Kxh5 49. Ke4 b4 50. Kd5 bxa3 51. bxa3 Kg6 52. Kxc5 Kf7 53. Kb4 Ke8 54. Kxa4 Kd8 55. Kb5 Kc8 56. Kb6 Kb8 57. a4 Ka8 58. a5 Kb8 59. a6 Ka8 60. a7 1/2-1/2


[Site "https://www.chess.com"]

[Event "Titled Tuesday Blitz August 22 Late 2023"]
[White "Schut, Han"]
[Black "Djordjevic, Dejan N"]
[WhiteFideId "1005561"]
[BlackFideId "913316"]
[WhiteElo "2257"]
[BlackElo "2017"]
[Result "0-1"]
[Round "4"]
[TimeControl "180+1"]
[Date "2023.08.22"]
[WhiteClock "0:00:11"]
[BlackClock "0:01:54"]
[Board "206"]

1. e4 c5 2. Nf3 Nc6 3. d4 cxd4 4. Nxd4 Nf6 5. Nc3 Qb6 6. Nb3 e6 7. Be3 Qc7 8. a3 a6 9. Bd3 b5 10. O-O Be7 11. f4 d6 12. Qe1 O-O 13. Qg3 Rb8 14. Qh3 b4 15. axb4 Nxb4 16. Rad1 Nxd3 17. Rxd3 a5 18. Bd4 Ba6 19. Rg3 Bxf1 20. Kxf1 a4 21. e5 dxe5 22. fxe5 Qc4+ 23. Ke1 Ne8 24. Qh4 Bxh4 0-1


[Site "https://www.chess.com"]

[Event "Titled Tuesday Blitz August 22 Late 2023"]
[White "Fernandez Bustamante, Leancy B."]
[Black "Adan Bermudez, Sergio"]
[WhiteFideId "3523870"]
[BlackFideId "2292726"]
[WhiteElo "2247"]
[BlackElo "1988"]
[Result "1-0"]
[Round "4"]
[TimeControl "180+1"]
[Date "2023.08.22"]
[WhiteClock "0:00:24"]
[BlackClock "0:00:08"]
[Board "207"]

1. e4 e5 2. Nf3 Nc6 3. Nc3 Bc5 4. Bb5 Nf6 5. Nxe5 Nxe5 6. d4 Bxd4 7. Qxd4 Nc6 8. Qa4 h6 9. O-O O-O 10. f4 Qe7 11. e5 Ng4 12. Ne4 d5 13. exd6 cxd6 14. h3 d5 15. hxg4 dxe4 16. Be3 Bxg4 17. Bxc6 bxc6 18. Rae1 f5 19. Qc4+ Kh8 20. Bc5 Qf7 21. Qc3 Rfd8 22. Bd4 Rd7 23. Qc5 Rad8 24. c3 Qd5 25. Qa3 Rc8 26. Kf2 c5 27. Be3 Qc6 28. Rh1 Kh7 29. Rh4 Rd3 30. Qb3 Qd6 31. Qf7 Rxe3 32. Rxg4 Qd2+ 33. Kg1 Qxe1+ 34. Kh2 fxg4 35. Qf5+ g6 36. Qd7+ Kh8 37. Qxc8+ Kg7 38. Qd7+ Kf6 39. Qd6+ Kf5 40. Qe5# 1-0


[Site "https://www.chess.com"]

[Event "Titled Tuesday Blitz August 22 Late 2023"]
[White "Aqib Javaid Butt"]
[Black "Kohler, Aran"]
[WhiteFideId "7801262"]
[BlackFideId "1002856"]
[WhiteElo "1974"]
[BlackElo "2244"]
[Result "0-1"]
[Round "4"]
[TimeControl "180+1"]
[Date "2023.08.22"]
[WhiteClock "0:00:06"]
[BlackClock "0:00:55"]
[Board "208"]

1. d4 d5 2. Nf3 Nf6 3. c4 c6 4. Nc3 e6 5. e3 Nbd7 6. b3 Bb4 7. Bd2 O-O 8. Rg1 Ba3 9. Bd3 Bb2 10. Rb1 Bxc3 11. Bxc3 Ne4 12. Bb2 f5 13. h3 Qa5+ 14. Kf1 Qxa2 15. Qc2 Qa5 16. Ra1 Qc7 17. Ke2 a5 18. g4 Kh8 19. Ne5 Nxe5 20. dxe5 fxg4 21. Bxe4 dxe4 22. Rxg4 Qf7 23. Rf4 Qh5+ 24. Rg4 Bd7 25. Qxe4 Rf7 26. Qg2 Raf8 27. f4 b6 28. Rg1 c5 29. Ke1 g6 30. Rg5 Qh4+ 31. Ke2 Rc8 32. Rg4 Qh5 33. Kd2 Bc6 34. Qg3 Rd8+ 35. Kc1 Be4 36. Bc3 Rfd7 37. Rh4 Qe2 38. Rg2 Rd1# 0-1


[Site "https://www.chess.com"]

[Event "Titled Tuesday Blitz August 22 Late 2023"]
[White "Castillo Pena, Patricia Evarista"]
[Black "Magallanes, Rey Jomar"]
[WhiteFideId "6412106"]
[BlackFideId "5205948"]
[WhiteElo "1938"]
[BlackElo "2243"]
[Result "0-1"]
[Round "4"]
[TimeControl "180+1"]
[Date "2023.08.22"]
[WhiteClock "0:00:02"]
[BlackClock "0:01:10"]
[Board "209"]

1. d4 d5 2. Nf3 Nf6 3. e3 e6 4. Bd3 Bd6 5. Nbd2 Nbd7 6. b3 b6 7. Bb2 Bb7 8. O-O Ne4 9. Ne5 O-O 10. f4 f5 11. Rf3 Rf6 12. Rh3 Nf8 13. Ndf3 h6 14. c4 c5 15. Rc1 Ng6 16. Be2 Rc8 17. Nxg6 Rxg6 18. Ne5 Rf6 19. Bf3 cxd4 20. exd4 a5 21. a4 Ba6 22. cxd5 exd5 23. Be2 Bxe2 24. Qxe2 Bb4 25. Qb5 Bd2 26. Rxc8 Qxc8 27. Qxd5+ Kh7 28. Nd7 Rg6 29. Qxf5 Qc2 30. Nf8+ Kg8 31. g4 Qd1+ 32. Kg2 Qe2+ 33. Kg1 Qf2+ 34. Kh1 Qf1# 0-1


[Site "https://www.chess.com"]

[Event "Titled Tuesday Blitz August 22 Late 2023"]
[White "Ahmadzada, Ahmad"]
[Black "Nakamura, Hikaru"]
[WhiteFideId "13413007"]
[BlackFideId "2016192"]
[WhiteElo "2967"]
[BlackElo "3226"]
[Result "0-1"]
[Round "5"]
[TimeControl "180+1"]
[Date "2023.08.22"]
[WhiteClock "0:00:01"]
[BlackClock "0:00:16"]
[Board "1"]

1. e4 a6 2. d4 c6 3. Nf3 d5 4. Nc3 Bg4 5. Be2 e6 6. O-O dxe4 7. Nxe4 Nf6 8. Nxf6+ gxf6 9. c3 Bd6 10. Ne1 Bxe2 11. Qxe2 Nd7 12. Nd3 Qc7 13. Qh5 Ke7 14. c4 c5 15. d5 Rag8 16. Re1 Ne5 17. Nf4 Ng6 18. dxe6 Bxf4 19. Bxf4 Qc6 20. exf7+ Kxf7 21. Bg3 Rd8 22. Rad1 Kg7 23. Rd5 Rxd5 24. cxd5 Qd7 25. d6 Re8 26. Rxe8 Qxe8 27. h4 b6 28. Qg4 Kf7 29. h5 Nf8 30. Qc4+ Kg7 31. Qxa6 Qxh5 32. Qd3 Qg4 33. b3 h5 34. a4 h4 35. Bh2 Kf7 36. Kh1 Qd4 37. Qf3 Kg6 38. Bf4 f5 39. Qc6 Kf7 40. Qc7+ Kg6 41. Qc6 Kf7 42. Qf3 Kg6 43. g3 hxg3 44. Bxg3 Nd7 45. Qc6 Nf6 46. Kg2 f4 47. Bh4 f3+ 48. Kxf3 Qxh4 49. Qxb6 Qg4+ 50. Ke3 Nd5+ 0-1


[Site "https://www.chess.com"]

[Event "Titled Tuesday Blitz August 22 Late 2023"]
[White "Keymer, Vincent"]
[Black "Firouzja, Alireza"]
[WhiteFideId "12940690"]
[BlackFideId "12573981"]
[WhiteElo "2963"]
[BlackElo "3096"]
[Result "1-0"]
[Round "5"]
[TimeControl "180+1"]
[Date "2023.08.22"]
[WhiteClock "0:00:47"]
[BlackClock "0:00:02"]
[Board "2"]

1. Nf3 Nf6 2. c4 g6 3. Nc3 Bg7 4. g3 O-O 5. Bg2 d6 6. d4 Nbd7 7. O-O e5 8. e4 c6 9. h3 Qb6 10. c5 dxc5 11. dxe5 Ne8 12. e6 fxe6 13. Ng5 Ne5 14. f4 Nf7 15. Nxf7 Bd4+ 16. Kh2 Rxf7 17. e5 Nc7 18. h4 Nd5 19. Ne4 Qd8 20. a4 a5 21. Ra3 b6 22. h5 Ba6 23. Rh1 Rg7 24. Ng5 Qe8 25. hxg6 Rxg6 26. Be4 h6 27. Nf3 Rg7 28. Kg2 Rd8 29. Rxh6 Kf8 30. Ng5 Bxb2 31. Qg4 Bxa3 32. Nxe6+ Ke7 33. Qxg7+ Qf7 34. Qxf7+ Kxf7 35. Nxd8+ Kg7 36. Rg6+ 1-0


[Site "https://www.chess.com"]

[Event "Titled Tuesday Blitz August 22 Late 2023"]
[White "Sarana, Alexey"]
[Black "Zhigalko, Sergei"]
[WhiteFideId "24133795"]
[BlackFideId "13502956"]
[WhiteElo "3074"]
[BlackElo "2960"]
[Result "1-0"]
[Round "5"]
[TimeControl "180+1"]
[Date "2023.08.22"]
[WhiteClock "0:01:03"]
[BlackClock "0:00:00"]
[Board "3"]

1. d4 Nf6 2. c4 e6 3. Nc3 Bb4 4. Qc2 O-O 5. Nf3 d6 6. e4 e5 7. Bd3 Nc6 8. d5 Ne7 9. a3 Bxc3+ 10. Qxc3 Ng6 11. h3 Nh5 12. g3 a5 13. Be2 Nf6 14. Qc2 a4 15. Be3 b6 16. Kf1 Bd7 17. Kg2 Qc8 18. Nd2 h6 19. Raf1 Nh7 20. f4 f5 21. fxe5 Nxe5 22. Bd4 Ng5 23. Bxe5 dxe5 24. h4 Nh7 25. exf5 Bxf5 26. Bd3 Bxd3 27. Qxd3 Nf6 28. Qe2 Qg4 29. Rf2 Rae8 30. Rhf1 Qg6 31. Rf5 Ng4 32. h5 Qxf5 33. Rxf5 Rxf5 34. Qxg4 Rg5 35. Qd7 Rf8 36. Ne4 Rxh5 37. Qxc7 Rhf5 38. d6 R5f7 39. d7 Kh7 40. d8=Q Rxd8 41. Qxd8 Rf5 42. Qd7 Kg6 43. Qe6+ Kh7 44. Qxf5+ 1-0


[Site "https://www.chess.com"]